 Dungeon Crawl Stone Soup version 0.31.0-11-ge490571c62 (webtiles) character file.

Game seed: 111166744007432727

29606 qw the Spry (level 13, -1/65 HPs)
             Began as a Spriggan Hunter on Feb 4, 2024.
             Was a High Priest of Okawaru.
             Slain by a death yak (25 damage)
             ... on level 2 of the Lair of Beasts.
             The game lasted 00:05:11 (11197 turns).

qw the Spry (Spriggan Hunter)                      Turns: 11197, Time: 00:05:11

Health: -1/65      AC: 10    Str:  7    XL:     13   Next: 16%
Magic:  25/29      EV: 34    Int: 10    God:    Okawaru [*****.]
Gold:   611        SH:  0    Dex: 24    Spells: 12/12 levels left

rFire   + . .        b - +5 arbalest (freeze)
rCold   + + .        (shield currently unavailable)
rNeg    . . .        h - +1 robe of Evolution {-Cast rPois rF+ Slay+5}
rPois   +            (helmet restricted)
rElec   .            n - +2 cloak
rCorr   +            (gloves unavailable)
SInv    +            (boots unavailable)
Will    ++...        s - amulet of faith
Stlth   ++           r - +4 ring of protection
HPRegen 0.30/turn    d - ring "Ravidwukh" {rC++ rCorr MP+9}
MPRegen 0.21/turn

%: no spellcasting, faith
@: finesse-ful, very quick
A: very small, no large weapons, unfitting armour, see invisible, speed 3
a: Renounce Religion, Heroism, Finesse, Duel


You were on level 2 of the Lair of Beasts.
You worshipped Okawaru.
Okawaru was extremely pleased with you.
You visited 3 branches of the dungeon, and saw 14 of its levels.
You also visited: Sewer.

You collected 677 gold pieces.
You spent 66 gold pieces at shops.


Innate Abilities, Weirdness & Mutations

You are very small and have problems with some larger weapons.
You are too small for most types of armour.
You have supernaturally acute eyesight. (SInv)
You cover ground extremely quickly. (Speed+++)


   Skills:
 - Level 6.0 Fighting
 - Level 16.0 Ranged Weapons
 - Level 1.0 Armour
 + Level 16.2 Dodging
 - Level 1.5 Stealth
 + Level 8.5 Invocations


You had 12 spell levels left.
You didn't know any spells.
Your spell library was empty.

Inventory:

Hand Weapons
 b - a +5 arbalest of freezing (weapon)
Armour
 h - the +1 robe of Evolution (worn) {-Cast rPois rF+ Slay+5}
   (You found it on level 6 of the Dungeon)

   Slay+5:    It affects your accuracy & damage with ranged weapons and melee
   (+5).
   rF+:       It protects you from fire.
   rPois:     It protects you from poison -Cast: It prevents spellcasting.
 n - a +2 cloak (worn)
Jewellery
 d - the ring "Ravidwukh" (right hand) {rC++ rCorr MP+9}
   (You found it on level 6 of the Dungeon)

   [ring of resist corrosion]

   rC++:      It greatly protects you from cold.
   MP+9:      It affects your magic capacity (+9).
   rCorr:     It protects you from acid and corrosion.
 r - a +4 ring of protection (left hand)
 s - an amulet of faith (around neck)
Wands
 a - a wand of paralysis (1)
 c - a wand of mindburst (12)
 k - a wand of iceblast (11)
Scrolls
 j - 4 scrolls of teleportation
 o - 3 scrolls of enchant armour
Potions
 e - 6 potions of curing
 f - 3 potions of heal wounds
 g - a potion of resistance
 i - a potion of might
 l - a potion of cancellation
 m - a potion of magic
 q - 2 potions of enlightenment

Dungeon Overview and Level Annotations

Branches:
Dungeon (11/15)            Temple (1/1) D:5            Lair (2/5) D:11
 Spider (0/4) Lair:2          Orc (0/2) D:11          Sewer (visited)
  Swamp: Lair:2-3    Shoals: Lair:2-3

Altars:
Ashenzari
Cheibriados
Dithmenos
Elyvilon
Fedhas
Gozag
Hepliaklqana
Kikubaaqudgha
Makhleb
Nemelex Xobeh
Okawaru
Qazlal
Ru
Sif Muna
Trog
Uskayaw
Vehumet
Wu Jian
Xom
Yredelemnul
Zin
The Shining One

Shops:
D:2 (=**

Portals:
Bailey: D:9

Annotations:
D:3 3 runed translucent doors, qw's ghost, amateur DEHu


Message History

A death yak comes into view.
You hear a howl!
You hear an angry hiss.
You shoot a bolt. The bolt hits the death yak.
The bolt freezes the death yak.
The death yak is lightly wounded.
The water moccasin completely misses you.
The death yak gores you!
You shoot a bolt. The bolt barely misses the death yak.
The water moccasin completely misses you.
You shoot a bolt. The bolt hits the death yak!!
The bolt freezes the death yak!
The death yak is heavily wounded.
You shoot a bolt. The bolt hits the death yak!
The bolt freezes the death yak.
The death yak is severely wounded.
You shoot a bolt. The bolt barely misses the death yak.
The water moccasin misses you.
You shoot a bolt. The bolt hits the death yak!!
The bolt freezes the death yak!
You kill the death yak!
Okawaru accepts your kill.
You shoot a bolt.
The bolt closely misses the water moccasin.
The water moccasin misses you.
You shoot a bolt. The bolt hits the death yak!
The bolt freezes the death yak.
The death yak is lightly wounded.
You shoot a bolt. The bolt hits the death yak!!
The bolt freezes the death yak!
The death yak is heavily wounded.
You hear a howl!
The water moccasin completely misses you.
A wolf comes into view.
You hear a bellow!
You hear an angry hiss.
You shoot a bolt. The bolt hits the death yak!
The bolt freezes the death yak.
The death yak is lightly wounded.
The water moccasin completely misses you.
You shoot a bolt. The bolt hits the death yak!!
The bolt freezes the death yak!
The death yak is heavily wounded.
The death yak closely misses you.
A water moccasin comes into view.
You shoot a bolt. The bolt hits the death yak!!
The bolt freezes the death yak!
The death yak is almost dead.
The water moccasin completely misses you.
The death yak gores you!!
You die...

#.....##
###....##
#P....##
## ##
##.....#
#..##.
###%..##
......#
#.#...#
.......###
####..#
..S......#
##.. #S@#
##. ##YYY#
#. S#Y.#
## #. S.#
## .. .##
#. .#. .#
## ... ##
. .# #


You could see 4 death yaks and 4 water moccasins.

Vanquished Creatures
  A boulder beetle (D:7)
  Erica (D:8)
  2 two-headed ogres
  4 death yaks
  Pikel (D:8)
  2 manticores
  2 cyclopes
  Joseph (D:7)
  A black mamba (Lair:1)
  11 elephants
  2 cane toads
  Maggie (D:7)
  4 komodo dragons (Lair:1)
  A rime drake (Lair:1)
  4 trolls
  A troll (shapeshifter) (D:7)
  A polar bear (Lair:1)
  Prince Ribbit (D:8)
  Grinder (D:4)
  2 culicivoras (Lair:2)
  Eustachio (D:5)
  41 yaks
  2 wraiths
  5 wyverns
  Grum (D:8)
  A warg (D:11)
  A steam dragon (D:10)
  Menkaure (D:7)
  7 water moccasins
  Duvessa (D:5)
  4 black bears
  7 orc warriors
  2 sky beasts
  An ice beast (D:7)
  4 ogres
  9 wolves
  4 centaurs
  2 lemures (D:8)
  A phantom (D:6)
  3 kobold brigands
  Blork the orc (D:5)
  7 bullfrogs
  2 gnoll sergeants
  7 scorpions
  8 wights
  Dowan (D:5)
  A killer bee (D:7)
  7 howler monkeys
  4 electric eels (D:11)
  4 jellies (Sewer)
  A bombardier beetle (D:5)
  3 hounds
  9 orc priests
  2 gnoll boudas (D:7)
  A sleepcap (D:5)
  6 iguanas
  7 orc wizards
  15 gnolls
  7 adders
  A river rat (Sewer)
  A shadow imp (D:5)
  A white imp (D:8)
  2 ufetubi (D:5)
  3 ribbon worms
  2 dart slugs (D:1)
  19 orcs
  3 bats
  14 endoplasms
  2 giant cockroaches
  13 goblins
  5 hobgoblins
  4 jackals (D:1)
  7 quokkas
  13 ball pythons
  11 frilled lizards
  13 kobolds
  7 rats
356 creatures vanquished.

Vanquished Creatures (others)
  A scorpion (D:6)
  An adder (D:6)
2 creatures vanquished.

Grand Total: 358 creatures vanquished

Notes
Turn   | Place    | Note
-------+----------+-------------------------------------------
     0 | D:1      | qw the Spriggan Hunter began the quest for the Orb.
     0 | D:1      | Reached XP level 1. HP: 10/10 MP: 2/2
     0 | D:1      | 0 ||| qw: Version: 0.3-a-160-g6735b56
     0 | D:1      | 0 ||| qw: Game counter: 5898
     0 | D:1      | 0 ||| qw: Melee chars always use a shield: true
     0 | D:1      | 0 ||| qw: God list: Okawaru
     0 | D:1      | 0 ||| qw: Allow faded altars: false
     0 | D:1      | 0 ||| qw: Do Orc after clearing Dungeon:15 true
     0 | D:1      | 0 ||| qw: Do second Lair branch before Depths: true
     0 | D:1      | 0 ||| qw: Lair rune preference: random
     0 | D:1      | 0 ||| qw: Goals: Normal
     0 | D:1      | 0 ||| PLANNING D:1-11
    32 | D:1      | Reached skill level 3 in Dodging
    82 | D:1      | You fall into a shaft and drop 1 floor!
   141 | D:2      | 141 ||| DROPPING scroll of butterflies.
   148 | D:2      | 148 ||| FLEEEEING.
   149 | D:2      | 149 ||| FLEEEEING.
   150 | D:2      | 150 ||| STAIRDANCE
   219 | D:1      | Reached XP level 2. HP: 10/14 MP: 3/3
   244 | D:1      | 244 ||| RETREEEEATING.
   449 | D:1      | Reached XP level 3. HP: 18/18 MP: 4/4
   626 | D:2      | 626 ||| FLEEEEING.
   628 | D:2      | 628 ||| FLEEEEING.
   629 | D:2      | 629 ||| FLEEEEING.
   630 | D:2      | 630 ||| FLEEEEING.
   631 | D:2      | 631 ||| FLEEEEING.
   632 | D:2      | 632 ||| FLEEEEING.
   633 | D:2      | 633 ||| FLEEEEING.
   634 | D:2      | 634 ||| FLEEEEING.
   635 | D:2      | 635 ||| STAIRDANCE
   654 | D:1      | 654 ||| READING scroll labelled SOJ YWUCECO.
   654 | D:1      | 654 ||| IDENTIFYING cyan potion
   655 | D:1      | 655 ||| DRINKING potion of experience.
   655 | D:1      | Reached XP level 4. HP: 22/22 MP: 5/5
   710 | D:2      | Found Inabeott's General Store.
   721 | D:2      | 721 ||| SHOPLISTING potion of resistance (110 gold, have
                  | 59).
   721 | D:2      | 721 ||| BUYING scroll of identify (22 gold).
   721 | D:2      | Bought a scroll of identify for 22 gold pieces
   721 | D:2      | 721 ||| BUYING wand of flame (3) (23 gold).
   721 | D:2      | Bought a wand of flame (3) for 23 gold pieces
   910 | D:2      | Found Vukenliv's Antique Weapon Boutique.
   958 | D:2      | Found Goesarcha's Jewellery Boutique.
   963 | D:2      | 963 ||| SHOPLISTING +6 ring of strength (360 gold, have
                  | 30).
   963 | D:2      | 963 ||| SHOPLISTING amulet of faith (400 gold, have 30).
   963 | D:2      | 963 ||| SHOPLISTING ring of Amelioration {Fire Int+4 Dex+3}
                  | (467 gold, have 30).
   963 | D:2      | 963 ||| SHOPLISTING ring of positive energy (200 gold, have
                  | 30).
   963 | D:2      | 963 ||| SHOPLISTING ring of willpower (250 gold, have 30).
   973 | D:2      | Found Kitenouthe's Assorted Antiques.
   983 | D:2      | 983 ||| SHOPLISTING 2 scrolls of identify (84 gold, have
                  | 30).
   983 | D:2      | 983 ||| BUYING scroll labelled GIELEPH EFECS (21 gold).
   983 | D:2      | Bought a scroll labelled GIELEPH EFECS for 21 gold pieces
   983 | D:2      | 983 ||| READING scroll of identify.
   983 | D:2      | 983 ||| IDENTIFYING metallic white potion
   984 | D:2      | 984 ||| READING scroll labelled OZXUEN QAXTY.
   984 | D:2      | 984 ||| ENCHANTING +0 shortbow.
   985 | D:2      | 985 ||| READING scroll labelled GIELEPH EFECS.
   985 | D:2      | 985 ||| ACQUIRING +1 arbalest of flaming
   985 | D:2      | Acquired a +1 arbalest of flaming
   987 | D:2      | 987 ||| SWAPPING to +1 arbalest of flaming.
   988 | D:2      | 988 ||| DROPPING +0 shortbow.
  1000 | D:3      | 1000 ||| PLANNING SEWER
  1161 | D:3      | Found an opulent altar of Gozag.
  1174 | D:3      | Reached XP level 5. HP: 25/25 MP: 6/6
  1263 | D:3      | Found a glowing drain.
  1265 | D:3      | 1265 ||| READING scroll labelled XOQ OHIMADENI.
  1276 | Sewer    | Entered a sewer
  1381 | Sewer    | Reached XP level 6. HP: 25/30 MP: 7/7
  1441 | Sewer    | Found a viscous altar of Jiyva.
  1505 | Sewer    | 1505 ||| READING scroll of identify.
  1505 | Sewer    | 1505 ||| IDENTIFYING dark potion
  1506 | Sewer    | 1506 ||| READING scroll labelled XECKUCO JEPER.
  1507 | Sewer    | 1507 ||| READING scroll labelled OSEITW RYCADD.
  1508 | Sewer    | 1508 ||| READING scroll labelled FAAROMIUZU.
  1511 | Sewer    | 1511 ||| DRINKING 4 lumpy golden potions.
  1512 | Sewer    | 1512 ||| DROPPING potion of attraction.
  1540 | D:3      | 1540 ||| PLANNING D:1-11
  1753 | D:3      | Found a runed translucent gate.
  1753 | D:3      | Found a runed translucent gate.
  1755 | D:3      | Found an opulent altar of Gozag.
  1758 | D:3      | Found a runed translucent gate.
  2194 | D:3      | Noticed qw's ghost (amateur DEHu)
  2196 | D:3      | 2196 ||| READING scroll labelled COFIX JAIFEWO.
  2196 | D:3      | 2196 ||| ENCHANTING +1 arbalest of flaming.
  2330 | D:4      | Reached skill level 6 in Dodging
  2352 | D:4      | Noticed Grinder
  2353 | D:4      | 2353 ||| DRINKING 2 potions of haste.
  2361 | D:4      | Killed Grinder
  2362 | D:4      | Reached XP level 7. HP: 35/35 MP: 8/8
  2885 | D:4      | Identified the +0 robe of the Hunter {rC++ SInv}
  3023 | D:4      | 3023 ||| UPGRADING to +0 robe of the Hunter {rC++ SInv}.
  3033 | D:4      | 3033 ||| DROPPING +0 robe.
  3034 | D:4      | 3034 ||| UPGRADING to +4 ring of protection.
  3035 | D:4      | 3035 ||| READING 3 scrolls of identify.
  3035 | D:4      | 3035 ||| IDENTIFYING purple potion
  3036 | D:4      | 3036 ||| READING 2 scrolls of identify.
  3036 | D:4      | 3036 ||| IDENTIFYING fizzy white potion
  3037 | D:4      | 3037 ||| READING scroll of identify.
  3037 | D:4      | 3037 ||| IDENTIFYING fizzy green potion
  3038 | D:4      | 3038 ||| READING scroll labelled ZUSTRO COMUE.
  3039 | D:4      | 3039 ||| DROPPING potion of lignification.
  3041 | D:4      | 3041 ||| Stepping ~*~*~tactically~*~*~ (cloud).
  3187 | D:5      | Entered Level 5 of the Dungeon
  3187 | D:5      | Noticed Blork the orc
  3190 | D:5      | Killed Blork the orc
  3217 | D:5      | Found an ancient bone altar of Kikubaaqudgha.
  3218 | D:5      | Found a hide-covered altar of Uskayaw.
  3294 | D:5      | Noticed Duvessa
  3295 | D:5      | Noticed Dowan
  3305 | D:5      | Killed Duvessa
  3306 | D:5      | Reached skill level 3 in Fighting
  3306 | D:5      | Reached XP level 8. HP: 26/40 MP: 9/9
  3306 | D:5      | 3306 ||| DRINKING potion of haste.
  3308 | D:5      | Killed Dowan
  3423 | D:5      | Found a staircase to the Ecumenical Temple.
  3424 | D:5      | 3424 ||| PLANNING TEMPLE
  3436 | Temple   | Entered the Ecumenical Temple
  3437 | Temple   | 3437 ||| PLANNING D:1-11
  3661 | D:5      | Noticed Eustachio
  3674 | D:5      | Killed Eustachio
  3675 | D:5      | Reached skill level 9 in Dodging
  3995 | D:5      | 3995 ||| READING scroll of enchant weapon.
  3995 | D:5      | 3995 ||| ENCHANTING +2 arbalest of flaming.
  4202 | D:5      | 4202 ||| DROPPING ring of wizardry.
  4203 | D:5      | 4203 ||| READING scroll labelled YQIKKU ADYUN.
  4203 | D:5      | 4203 ||| BRANDING +3 arbalest of flaming.
  4204 | D:5      | 4204 ||| READING scroll labelled GUDERA DUM GEPT.
  4359 | D:6      | Identified the ring "Ravidwukh" {rC++ rCorr MP+9}
  4447 | D:6      | 4447 ||| RETREEEEATING.
  4448 | D:6      | 4448 ||| RETREEEEATING.
  4471 | D:6      | Reached XP level 9. HP: 28/45 MP: 10/10
  4484 | D:6      | 4484 ||| FLEEEEING.
  4564 | D:6      | Identified the +1 robe of Evolution {-Cast rPois rF+
                  | Slay+5}
  4616 | D:6      | Found an ornate altar of the Wu Jian Council.
  4799 | D:6      | 4799 ||| DROPPING +2 robe of willpower.
  4800 | D:6      | 4800 ||| UPGRADING to +1 robe of Evolution {-Cast rPois rF+
                  | Slay+5}.
  4810 | D:6      | 4810 ||| DROPPING +0 robe of the Hunter {rC++ SInv}.
  4811 | D:6      | 4811 ||| UPGRADING to ring "Ravidwukh" {rC++ rCorr MP+9}.
  4868 | D:6      | 4868 ||| DROPPING ring of ice.
  4869 | D:6      | 4869 ||| DROPPING wand of flame (3).
  5067 | D:7      | Noticed Joseph
  5081 | D:7      | 5081 ||| ZAPPING wand of iceblast (8) at -1,-4 (Joseph;
                  | floor).
  5082 | D:7      | 5082 ||| ZAPPING wand of iceblast (7) at -1,-4 (Joseph;
                  | floor).
  5083 | D:7      | 5083 ||| ZAPPING wand of iceblast (6) at -1,-4 (Joseph;
                  | floor).
  5084 | D:7      | 5084 ||| ZAPPING wand of iceblast (5) at -1,-4 (Joseph;
                  | floor).
  5085 | D:7      | 5085 ||| ZAPPING wand of iceblast (4) at -1,-4 (Joseph;
                  | floor).
  5086 | D:7      | 5086 ||| ZAPPING wand of iceblast (3) at -1,-4 (Joseph;
                  | floor).
  5087 | D:7      | 5087 ||| ZAPPING wand of iceblast (2) at -1,-4 (Joseph;
                  | floor).
  5088 | D:7      | 5088 ||| ZAPPING wand of iceblast (1) at -1,-4 (Joseph;
                  | floor).
  5090 | D:7      | Killed Joseph
  5091 | D:7      | Reached skill level 12 in Dodging
  5091 | D:7      | 5091 ||| FLEEEEING.
  5092 | D:7      | 5092 ||| STAIRDANCE
  5235 | D:7      | Noticed Maggie
  5244 | D:7      | Killed Maggie
  5321 | D:7      | Reached skill level 12 in Ranged Weapons
  5380 | D:7      | 5380 ||| FLEEEEING.
  5381 | D:7      | 5381 ||| FLEEEEING.
  5382 | D:7      | 5382 ||| FLEEEEING.
  5485 | D:7      | Reached XP level 10. HP: 51/51 MP: 11/11
  5568 | D:7      | Noticed a boulder beetle
  5569 | D:7      | 5569 ||| ZAPPING wand of paralysis (5) at -7,-2 (boulder
                  | beetle; floor).
  5570 | D:7      | 5570 ||| ZAPPING wand of paralysis (4) at -7,-2 (boulder
                  | beetle; floor).
  5577 | D:7      | Noticed Menkaure
  5578 | D:7      | Killed a boulder beetle
  5579 | D:7      | Killed Menkaure
  5579 | D:7      | Noticed a two-headed ogre
  5580 | D:7      | 5580 ||| ZAPPING wand of paralysis (3) at -7,-2 (two-headed
                  | ogre; floor).
  5581 | D:7      | 5581 ||| ZAPPING wand of paralysis (2) at -6,-1 (two-headed
                  | ogre; floor).
  5584 | D:7      | Killed a two-headed ogre
  5671 | D:7      | Noticed a manticore
  5678 | D:7      | Killed a manticore
  5690 | D:7      | 5690 ||| FLEEEEING.
  5696 | D:7      | 5696 ||| FLEEEEING.
  5697 | D:7      | 5697 ||| FLEEEEING.
  5698 | D:7      | 5698 ||| FLEEEEING.
  5703 | D:7      | 5703 ||| FLEEEEING.
  5704 | D:7      | 5704 ||| FLEEEEING.
  5705 | D:7      | 5705 ||| FLEEEEING.
  5707 | D:7      | 5707 ||| FLEEEEING.
  5708 | D:7      | 5708 ||| FLEEEEING.
  5710 | D:7      | 5710 ||| FLEEEEING.
  5711 | D:7      | 5711 ||| FLEEEEING.
  5712 | D:7      | 5712 ||| FLEEEEING.
  5713 | D:7      | 5713 ||| FLEEEEING.
  5714 | D:7      | 5714 ||| FLEEEEING.
  5715 | D:7      | 5715 ||| FLEEEEING.
  5716 | D:7      | 5716 ||| FLEEEEING.
  5717 | D:7      | 5717 ||| FLEEEEING.
  5718 | D:7      | 5718 ||| FLEEEEING.
  5721 | D:7      | 5721 ||| FLEEEEING.
  5722 | D:7      | 5722 ||| FLEEEEING.
  5723 | D:7      | 5723 ||| FLEEEEING.
  5724 | D:7      | 5724 ||| FLEEEEING.
  5725 | D:7      | 5725 ||| FLEEEEING.
  5726 | D:7      | 5726 ||| FLEEEEING.
  5727 | D:7      | 5727 ||| FLEEEEING.
  5732 | D:7      | 5732 ||| FLEEEEING.
  5733 | D:7      | 5733 ||| FLEEEEING.
  5850 | D:7      | Noticed a cyclops
  5854 | D:7      | Killed a cyclops
  6050 | D:7      | 6050 ||| READING scroll labelled DAUFOT VIUW.
  6187 | D:8      | Noticed Grum
  6192 | D:8      | 6192 ||| RETREEEEATING.
  6193 | D:8      | 6193 ||| RETREEEEATING.
  6194 | D:8      | 6194 ||| RETREEEEATING.
  6197 | D:8      | Killed Grum
  6236 | D:8      | Noticed Prince Ribbit
  6238 | D:8      | 6238 ||| RETREEEEATING.
  6249 | D:8      | Noticed Pikel
  6252 | D:8      | 6252 ||| RETREEEEATING.
  6253 | D:8      | 6253 ||| RETREEEEATING.
  6257 | D:8      | Killed Prince Ribbit
  6263 | D:8      | Killed Pikel
  6264 | D:8      | Reached XP level 11. HP: 42/55 MP: 12/12
  6667 | D:8      | Found an iron altar of Okawaru.
  6668 | D:8      | 6668 ||| PLANNING OKAWARU WORSHIP
  6668 | D:8      | 6668 ||| READING 2 scrolls of identify.
  6668 | D:8      | 6668 ||| IDENTIFYING coppery potion
  6669 | D:8      | 6669 ||| READING scroll of identify.
  6669 | D:8      | 6669 ||| IDENTIFYING metallic ruby potion
  6670 | D:8      | 6670 ||| READING scroll labelled SOXTEER KEMMU.
  6671 | D:8      | 6671 ||| DROPPING potion of invisibility.
  6679 | D:8      | Became a worshipper of Warmaster Okawaru
  6680 | D:8      | 6680 ||| PLANNING D:1-11
  6691 | D:8      | Noticed Erica
  6701 | D:8      | Killed Erica
  6702 | D:8      | HP: 13/55 [poisoned by Erica (bolt of poison)]
  6706 | D:8      | HP: 6/55 [poisoned by Erica (bolt of poison)]
  6711 | D:8      | HP: 2/55 [poisoned by Erica (bolt of poison)]
  7333 | D:9      | 7333 ||| RETREEEEATING.
  7337 | D:9      | 7337 ||| RETREEEEATING.
  7338 | D:9      | 7338 ||| RETREEEEATING.
  7340 | D:9      | 7340 ||| RETREEEEATING.
  7341 | D:9      | 7341 ||| RETREEEEATING.
  7342 | D:9      | Reached * piety under Okawaru
  7344 | D:9      | 7344 ||| RETREEEEATING.
  7346 | D:9      | 7346 ||| RETREEEEATING.
  7354 | D:9      | Reached skill level 1 in Invocations
  7664 | D:9      | Found a flagged portal.
  7959 | D:10     | Entered Level 10 of the Dungeon
  8190 | D:10     | Reached skill level 3 in Invocations
  8265 | D:10     | Reached ** piety under Okawaru
  8623 | D:10     | Reached skill level 15 in Dodging
  8647 | D:10     | 8647 ||| UPGRADING to +2 cloak.
  8652 | D:10     | 8652 ||| READING 4 scrolls of identify.
  8652 | D:10     | 8652 ||| IDENTIFYING metallic silvery potion
  8653 | D:10     | 8653 ||| READING 3 scrolls of identify.
  8653 | D:10     | 8653 ||| IDENTIFYING glowing silvery potion
  8654 | D:10     | 8654 ||| READING 2 scrolls of identify.
  8654 | D:10     | 8654 ||| IDENTIFYING inky potion
  8655 | D:10     | 8655 ||| READING scroll of identify.
  8655 | D:10     | 8655 ||| IDENTIFYING smoky puce potion
  8656 | D:10     | 8656 ||| DROPPING potion of brilliance.
  8672 | D:11     | 8672 ||| STAIRDANCE
  8693 | D:11     | 8693 ||| RETREEEEATING.
  8718 | D:11     | Found a staircase to the Orcish Mines.
  8724 | D:11     | 8724 ||| RETREEEEATING.
  8725 | D:11     | 8725 ||| RETREEEEATING.
  8726 | D:11     | 8726 ||| RETREEEEATING.
  8727 | D:11     | 8727 ||| RETREEEEATING.
  8729 | D:11     | 8729 ||| RETREEEEATING.
  8856 | D:11     | 8856 ||| RETREEEEATING.
  8857 | D:11     | 8857 ||| RETREEEEATING.
  8858 | D:11     | 8858 ||| RETREEEEATING.
  8859 | D:11     | 8859 ||| RETREEEEATING.
  8860 | D:11     | 8860 ||| RETREEEEATING.
  8861 | D:11     | 8861 ||| RETREEEEATING.
  8862 | D:11     | 8862 ||| RETREEEEATING.
  8863 | D:11     | 8863 ||| RETREEEEATING.
  8864 | D:11     | 8864 ||| RETREEEEATING.
  8865 | D:11     | 8865 ||| RETREEEEATING.
  8868 | D:11     | 8868 ||| RETREEEEATING.
  8869 | D:11     | 8869 ||| RETREEEEATING.
  8870 | D:11     | 8870 ||| RETREEEEATING.
  8871 | D:11     | 8871 ||| RETREEEEATING.
  8872 | D:11     | 8872 ||| RETREEEEATING.
  8873 | D:11     | 8873 ||| RETREEEEATING.
  8874 | D:11     | 8874 ||| RETREEEEATING.
  8876 | D:11     | Reached *** piety under Okawaru
  8877 | D:11     | Reached skill level 6 in Fighting
  9052 | D:11     | Found a staircase to the Lair.
  9139 | D:11     | Noticed a two-headed ogre
  9141 | D:11     | 9141 ||| INVOKING Heroism.
  9143 | D:11     | Killed a two-headed ogre
  9144 | D:11     | Reached XP level 12. HP: 61/61 MP: 16/16
  9454 | D:11     | 9454 ||| PLANNING LAIR
  9454 | D:11     | 9454 ||| UPGRADING to amulet of faith.
  9459 | D:11     | 9459 ||| READING scroll of identify.
  9459 | D:11     | 9459 ||| IDENTIFYING fizzy silvery potion
  9460 | D:11     | 9460 ||| DROPPING potion of degeneration.
  9497 | Lair:1   | Entered Level 1 of the Lair of Beasts
  9533 | Lair:1   | 9533 ||| RETREEEEATING.
  9537 | Lair:1   | 9537 ||| RETREEEEATING.
  9539 | Lair:1   | 9539 ||| RETREEEEATING.
  9541 | Lair:1   | Reached skill level 15 in Ranged Weapons
  9542 | Lair:1   | Reached **** piety under Okawaru
  9547 | Lair:1   | 9547 ||| RETREEEEATING.
  9741 | Lair:1   | Reached ***** piety under Okawaru
  9932 | Lair:1   | 9932 ||| RETREEEEATING.
  9935 | Lair:1   | 9935 ||| RETREEEEATING.
  9941 | Lair:1   | 9941 ||| RETREEEEATING.
  9945 | Lair:1   | Reached skill level 1 in Armour
  9953 | Lair:1   | Reached skill level 6 in Invocations
  9989 | Lair:1   | 9989 ||| RETREEEEATING.
  9991 | Lair:1   | 9991 ||| RETREEEEATING.
  9993 | Lair:1   | 9993 ||| RETREEEEATING.
  9995 | Lair:1   | 9995 ||| RETREEEEATING.
  9997 | Lair:1   | 9997 ||| RETREEEEATING.
  9999 | Lair:1   | 9999 ||| RETREEEEATING.
 10001 | Lair:1   | 10001 ||| RETREEEEATING.
 10009 | Lair:1   | 10009 ||| RETREEEEATING.
 10010 | Lair:1   | 10010 ||| RETREEEEATING.
 10011 | Lair:1   | 10011 ||| RETREEEEATING.
 10012 | Lair:1   | 10012 ||| RETREEEEATING.
 10013 | Lair:1   | 10013 ||| RETREEEEATING.
 10191 | Lair:1   | Received a gift from Okawaru
 10208 | Lair:1   | 10208 ||| RETREEEEATING.
 10210 | Lair:1   | 10210 ||| RETREEEEATING.
 10212 | Lair:1   | 10212 ||| RETREEEEATING.
 10219 | Lair:1   | Noticed a death yak
 10220 | Lair:1   | 10220 ||| INVOKING Finesse.
 10221 | Lair:1   | Noticed a death yak
 10221 | Lair:1   | Noticed a death yak
 10235 | Lair:1   | Killed a death yak
 10244 | Lair:1   | Killed a death yak
 10248 | Lair:1   | Killed a death yak
 10367 | Lair:1   | Received a gift from Okawaru
 10923 | Lair:1   | 10923 ||| DROPPING ring of magical power.
 10969 | Lair:2   | 10969 ||| PLANNING GAUNTLET
 10975 | Lair:2   | 10975 ||| RETREEEEATING.
 10978 | Lair:2   | 10978 ||| RETREEEEATING.
 10983 | Lair:2   | 10983 ||| INVOKING Finesse.
 10988 | Lair:2   | Reached XP level 13. HP: 55/65 MP: 19/19
 11103 | Lair:2   | 11103 ||| READING 2 scrolls of enchant weapon.
 11103 | Lair:2   | 11103 ||| ENCHANTING +3 arbalest of freezing.
 11104 | Lair:2   | 11104 ||| READING scroll of enchant weapon.
 11104 | Lair:2   | 11104 ||| ENCHANTING +4 arbalest of freezing.
 11157 | Lair:2   | 11157 ||| RETREEEEATING.
 11158 | Lair:2   | 11158 ||| RETREEEEATING.
 11165 | Lair:2   | Found a hole to the Spider Nest.
 11180 | Lair:2   | HP: 10/65 [culicivora (13)]
 11181 | Lair:2   | 11181 ||| READING 5 scrolls of teleportation.
 11182 | Lair:2   | 11182 ||| DRINKING 5 potions of heal wounds.
 11183 | Lair:2   | 11183 ||| DRINKING 4 potions of heal wounds.
 11185 | Lair:2   | 11185 ||| INVOKING Finesse.
 11197 | Lair:2   | Slain by a death yak

Levels and vault maps discovered:
D:1:      shiori_arrival_maze, layout_rooms
D:2:      layout_rooms, serial_shops, shop, nicolae_shop_advertising_works
          [nicolae_subvault_shop_adworks], nicolae_shop_hallway_plus, shop,
          serial_bayou_crossing
D:3:      layout_basic, mainiacjoe_overflow_six_doors_small,
          portal_sewer_entry_f, ebering_ghost_gozag, minmay_door_square
D:4:      layout_loops_ring, uniq_grinder
D:5:      layout_loops_corners, chequers_temple_overflow_statue_of_worship,
          minmay_temple_entry_statues_fountains,
          minmay_fractal_squares_gapless_5, uniq_duvessa, uniq_eustachio,
          uniq_blork_the_orc
D:6:      hellmonk_ruined_rings, layout_rooms, mainiacjoe_overflow_alcove_1,
          small_statue_intersection
D:7:      nzn_winding_woodlands_cross [nzn_winding_woodlands_5x15_garden,
          nzn_winding_woodlands_5x15_default, nzn_winding_woodlands_5x15_cabin,
          nzn_winding_woodlands_5x15_split_checker,
          nzn_winding_woodlands_15x15_thick_spiral], layout_loops_ring,
          minmay_misc_feat_iff, kennysheep_generic_room_8, uniq_maggie,
          uniq_joseph, uniq_menkaure
D:8:      layout_basic, mainiacjoe_overflow_surrounded_room, uniq_pikel,
          uniq_grum, uniq_erica, uniq_prince_ribbit1
D:9:      layout_basic, enter_bailey_3
D:10:     layout_irregular_city
D:11:     layout_basic, minmay_lair_entry_grove, david_orc_3,
          grunt_ministairs_14
Temple:   bh_familiar_temple
Lair:1:   layout_layer_cave, guppyfry_lair_drakes
Lair:2:   layout_cave_pods, hellmonk_spider_entry_life_and_decay,
          gauntlet_entry_generic, beast_lair_carwin_1

Skill      XL: |  1  2  3  4  5  6  7  8  9 10 11 12 13 |
---------------+----------------------------------------+-----
Dodging        | 3 4 5 7 8 10 12 14 15 16 | 16.2
Ranged Weapons | 11 12 13 14 15 16 | 16.0
Fighting       | 2 3 4 5 6 |  6.0
Invocations    | 4 7 8 |  8.5
Armour         | 1 |  1.0
Stealth        | |  1.5

Action                     |  1- 3 |  4- 6 |  7- 9 | 10-12 | 13-15 || total
---------------------------+-------+-------+-------+-------+-------++-------
   Fire: Shortbow          |    67 |    23 |       |       |       ||    90
         Arbalest          |       |    82 |   197 |   475 |    55 ||   809
 Invoke: Heroism           |       |       |       |     1 |       ||     1
         Finesse           |       |       |       |     2 |     1 ||     3
  Evoke: Wand              |       |       |     8 |     4 |       ||    12
    Use: Scroll            |     1 |     9 |     7 |     9 |     3 ||    29
         Potion            |     1 |     2 |     1 |       |     2 ||     6
 Armour: Robe              |     6 |     3 |    26 |    50 |     8 ||    93
  Dodge: Dodged            |    13 |    12 |    91 |   224 |    32 ||   372

Table legend:
 A = Non-vault XP
 B = Vault XP
 C = Vault XP percentage of total XP
 D = Non-vault monster count
 E = Vault monster count
 F = Vault count percentage of total count
                 A         B        C        D         E       F
            +---------+---------+-------+---------+---------+-------
      Total |   30599 |   11616 |  27.5 |     267 |      89 |  25.0
            +---------+---------+-------+---------+---------+-------
        D:1 |      41 |       3 |   6.8 |      21 |       2 |   8.7
        D:2 |      59 |       0 |   0.0 |      21 |       0 |   0.0
        D:3 |      38 |       8 |  17.4 |      16 |       4 |  20.0
        D:4 |     437 |     277 |  38.8 |      20 |       1 |   4.8
        D:5 |     317 |     645 |  67.0 |       8 |       9 |  52.9
        D:6 |     880 |       0 |   0.0 |      15 |       0 |   0.0
        D:7 |    1682 |    4686 |  73.6 |      35 |      16 |  31.4
        D:8 |     989 |    2219 |  69.2 |      18 |       6 |  25.0
        D:9 |    1714 |       7 |   0.4 |      15 |       4 |  21.1
       D:10 |    3307 |       0 |   0.0 |      26 |       0 |   0.0
       D:11 |    2489 |    2336 |  48.4 |       9 |      20 |  69.0
     Lair:1 |   14043 |     747 |   5.1 |      50 |       4 |   7.4
     Lair:2 |    4603 |     470 |   9.3 |      13 |       2 |  13.3
      Sewer |       0 |     218 | 100.0 |       0 |      21 | 100.0
            +---------+---------+-------+---------+---------+-------
